 Dungeon Crawl Stone Soup version 0.17-a0-1311-gbcbd859 (webtiles) character file.

58 NekoKawashu the Ruffian (level 3, -1/36 HPs)
             Began as a Troll Monk on June 1, 2015.
             Was a Believer of Qazlal.
             Slain by a hobgoblin
             ... wielding a +0 club
              (6 damage)
             ... on level 3 of the Dungeon on June 8, 2015.
             The game lasted 00:06:28 (884 turns).

NekoKawashu the Ruffian (Troll Monk)                 Turns: 884, Time: 00:06:29

Health: -1/36      AC:  5    Str: 19    XL:     3   Next: 75%
Magic:  2/2        EV: 10    Int:  7    God:    Qazlal [**....]
Gold:   60         SH:  2    Dex: 12    Spells: 0 memorised, 2 levels left

rFire  . . .     SeeInvis .       - Unarmed
rCold  . . .     Clarity  .     a - +0 robe
rNeg   . . .     SustAt   +     (no shield)
rPois  .         Gourm    +     (helmet restricted)
rElec  .         Spirit   .     (no cloak)
rCorr  .         Warding  .     (gloves unavailable)
rMut   .         Stasis   .     (boots unavailable)
MR     .....                    (no amulet)
Stlth  ..........               d - ring of sustain attributes
                                i - ring of loudness (curse)

@: not resistant to hostile enchantments, extremely unstealthy
A: unfitting armour, claws 3, fast metabolism 3, gourmand, regeneration 2,
shaggy fur 1, tough skin 2
a: Upheaval, Renounce Religion


You were on level 3 of the Dungeon.
You worshipped Qazlal.
Qazlal was pleased with you.
You were full.

You visited 1 branch of the dungeon, and saw 3 of its levels.

You collected 60 gold pieces.

Inventory:

Armour
 a - a +0 robe (worn)
Jewellery
 d - a ring of sustain attributes (right claw)
 i - a cursed ring of loudness (left claw)
Scrolls
 c - 2 scrolls of noise {unknown}
 e - a scroll of identify {unknown}
 h - a scroll of enchant armour {unknown}
 k - a scroll of remove curse {unknown}
Potions
 j - 2 potions of curing {unknown}
Comestibles
 b - 2 bread rations
 f - a royal jelly
 g - 2 chunks of flesh


   Skills:
 + Level 2.7 Fighting
 + Level 2.9 Dodging
 + Level 1.1 Stealth
 + Level 4.7 Unarmed Combat


You had 2 spell levels left.
You didn't know any spells.

Dungeon Overview and Level Annotations

Branches:
Dungeon (3/15)

Altars:
Qazlal

Annotations:
D:3 sqallbeste's ghost, weakling DsGl


Innate Abilities, Weirdness & Mutations

You are too large for most types of armour.
You have claws for hands.
Your metabolism is lightning-fast.
You like to eat raw meat.
You heal very quickly.
You are covered in fur (AC +1).
You have very tough skin (AC +2).


Message History

Sqallbeste's ghost is heavily damaged.
Sqallbeste's ghost hits you but does no damage.
The hobgoblin hits you but does no damage.
You closely miss sqallbeste's ghost.
Sqallbeste's ghost is heavily damaged.
Sqallbeste's ghost is engulfed in roaring flames.
Sqallbeste's ghost hits you!
You closely miss sqallbeste's ghost.
Sqallbeste's ghost is severely damaged.
You block the hobgoblin's attack. Sqallbeste's ghost hits you.
You barely miss sqallbeste's ghost.
Sqallbeste's ghost is severely damaged.
The hobgoblin hits you with a club.
Sqallbeste's ghost wails.
Sqallbeste's ghost hits you!
* * * LOW HITPOINT WARNING * * *
You scratch sqallbeste's ghost but do no damage.
Sqallbeste's ghost is severely damaged.
Sqallbeste's ghost closely misses you. The hobgoblin hits you with a club.
You die...

#####..........
#.............#
#.###.......... #.#
##..####### #.# #..# #.#
#..#
##########'####..####
......g.............#
......W@....###.........
......ยง.....#
########## ...[........#
............#
............#
............#
#############


You could see sqallbeste's ghost and a hobgoblin.

Vanquished Creatures
  An adder (D:2)
  2 worms (D:2)
  4 orcs (D:3)
  A ball python (D:1)
  4 hobgoblins
  6 jackals
  2 kobolds
  4 bats
  3 giant cockroaches
  A giant newt (D:1)
  4 goblins (D:1)
  4 rats
36 creatures vanquished.

Notes
Turn   | Place    | Note
--------------------------------------------------------------
     0 | D:1      | NekoKawashu the Troll Monk began the quest for the Orb.
     0 | D:1      | Reached XP level 1. HP: 22/22 MP: 0/0
   176 | D:1      | Upgraded the game from 0.17-a0-1184-gb75be8f to 0.17-a0-1311-gbcbd859
   229 | D:1      | Reached XP level 2. HP: 22/29 MP: 1/1
   296 | D:1      | You fall through a shaft!
   492 | D:2      | Reached XP level 3. HP: 36/36 MP: 2/2
   554 | D:2      | Found a stormy altar of Qazlal.
   555 | D:2      | Noticed a water elemental
   557 | D:2      | Noticed an air elemental
   557 | D:2      | Noticed a fire elemental
   557 | D:2      | Noticed an earth elemental
   568 | D:2      | Became a worshipper of Qazlal Stormbringer
   568 | D:2      | Acquired Qazlal's first power
   568 | D:2      | Acquired Qazlal's second power
   872 | D:3      | Noticed sqallbeste's ghost (weakling DsGl)
   884 | D:3      | Slain by a hobgoblin

Vault maps used:
D:1:      dpeg_arrival_simpleton_a
D:2:      nicolae_qazlal_style_of_elements
D:3:      lemuel_round_altar, first_bread, minmay_misc_feat_cross,
          saegor_snake_ambush

Action                   || total
-------------------------++-------
Melee: Unarmed           ||   100
  Eat: Chunk             ||     5
       Bread ration      ||     1
